woodfighter, chaotic female human Rogue ----- ...*| |...| ....@# |..d|' ...<| ----- woodfighter the Rogue Experience level: 6 Strength: 9 Dexterity: 19 Constitution: 17 Intelligence: 11 Wisdom: 7 Charisma: 9 Health: 0(49) Energy: 16(16) Def: 7 Gold: 19 Moves: 3494 Dungeon seed: qTypYEGJX0K6w_SL Game ID: woodfighter_1556732117 Your Inventory: Coins $ - 19 gold pieces Weapons a - a blessed +2 orcish dagger named Dagger of Truth (weapon in hand) b - 14 +0 daggers (in quiver) G - a +0 elven dagger Armor n - an uncursed +0 elven mithril-coat (being worn) t - an uncursed +0 dwarvish cloak K - an uncursed +0 pair of leather gloves (being worn) Y - a blessed +0 orcish helm (being worn) Comestibles x - an uncursed food ration C - 2 uncursed tripe rations I - an uncursed eucalyptus leaf M - an uncursed lembas wafer Wands d - a wand of digging (0:7) h - a wand of opening (0:3) p - a wand of enlightenment (0:12) V - a wand of light (0:12) Tools s - an uncursed sack y - an uncursed lock pick A - an uncursed magic lamp H - an uncursed oil lamp (0:1013) O - an uncursed skeleton key W - an uncursed blindfold Gems e - an uncursed worthless piece of red glass q - an uncursed worthless piece of yellowish brown glass r - an uncursed obsidian z - an uncursed worthless piece of orange glass N - 3 uncursed worthless pieces of yellow glass Contents of the sack: 569 gold pieces a blessed scroll of confuse monster a cursed scroll of confuse monster 2 uncursed scrolls of enchant weapon a [blessed] scroll of light a cursed scroll of scare monster an uncursed potion of extra healing an uncursed potion of gain energy a [uncursed] potion of levitation an uncursed potion of oil an uncursed potion of sickness an uncursed potion of sleeping an uncursed potion of water an uncursed worthless piece of black glass an uncursed worthless piece of violet glass 2 uncursed worthless pieces of yellowish brown glass Spells and supernatural/magical abilities: Name Level Category Fail Memory W - pray for help -- divine ? -- Your skills at the end: Miscellaneous Skills wands [Basic] Weapon Skills dagger [Basic] short sword [Basic] Spellcasting Skills Final Attributes: You were piously aligned. You were cold resistant. You were telepathic. You were somewhat stealthy. You are dead. Vanquished creatures: a dingo 2 blue jellies a dust vortex a bugbear a gnomish wizard an elf zombie a floating eye a kitten a dwarf a kobold lord an iguana 2 rothes a centipede a monkey 8 killer bees 2 hobbits a large kobold 4 geckos a hobgoblin 3 giant rats a cave spider a green mold 5 gnomes 5 jackals 2 kobolds 4 newts 2 goblins 2 sewer rats 4 grid bugs a bat 4 lichens a kobold zombie 67 creatures vanquished. Voluntary challenges: You did not adorn yourself with jewelry or accessories. You did not cause conflict. You were not invisible. You did not have reflection. You were not displaced. You used a wielded weapon 107 times, starting on turn 65. You did not apply a unicorn horn. You did not use plumbed fixtures. You did not drink any magical draughts. You were illiterate. You never genocided any monsters. You never polymorphed an object. You never changed form. You used no wishes. You never split a pudding. You never wrote Elbereth's name. You never violated your personal moral code. Dungeon overview: The Dungeons of Doom: levels 1 to 8 Level 1 a long staircase Level 2 a fountain Level 3 a general store Level 4 (stash) stairs to The Gnomish Mines Level 5 an altar to Mog Level 6 Level 7 Level 8 <- You were here The Gnomish Mines: Level 5 stairs to The Dungeons of Doom History has recorded: On T:1 you entered the Dungeons of Doom to retrieve the Amulet of Yendor! On T:373 you reached level 2 of The Dungeons of Doom. On T:536 you reached level 3 of The Dungeons of Doom. On T:571 you advanced to experience level 2. On T:949 you advanced to experience level 3. On T:1013 you reached level 4 of The Dungeons of Doom. On T:1429 you reached level 1 of The Gnomish Mines. On T:1510 you advanced to experience level 4. On T:1519 you reached level 5 of The Dungeons of Doom. On T:1724 you reached level 6 of The Dungeons of Doom. On T:2141 you advanced to experience level 5. On T:2182 you advanced to experience level 6. On T:2976 you reached level 7 of The Dungeons of Doom. On T:3213 you reached level 8 of The Dungeons of Doom. Score breakdown: Gold: 588 ( 58 points) Experience: 6 levels ( 500 points) Exploration: 8 levels ( 210 points) Discoveries: 27 items ( 1350 points) Variety of kills: 32 monsters ( 1600 points) Major goal: (nothing yet) ( 0 points) Survival: died (score multiplied by 3) Total score: 11154 Latest messages: Nowhere else around here can be automatically explored. The door opens. Where do you want to travel to? You stop exploring. The large dog devours an uncursed tripe ration. You stop exploring. You stab the gold golem. The gold golem claws you! The gold golem misses. You stab the gold golem. The gold golem just misses! The gold golem claws you! You stab the gold golem! You stab the gold golem. The gold golem claws you! (2x) You stab the gold golem! The gold golem claws you! (2x) You stab the gold golem! The gold golem misses. The gold golem claws you! You stab the gold golem! You stab the gold golem. The gold golem claws you! (2x) You die... Final status: Goodbye woodfighter the Rogue, killed by a gold golem... You died in The Dungeons of Doom on dungeon level 8 with 11154 points, and 588 pieces of gold, after 3494 moves. You were level 6 with a maximum of 49 hit points when you died.